 Dungeon Crawl Stone Soup version 0.24.0-13-gcf9b319 (webtiles) character file.

Game seed: 2151140850308346181, levelgen mode: deterministic

8622 Bronimir the Martial Artist (level 11, -2/120 HPs)
             Began as a Merfolk Transmuter on Mar 18, 2020.
             Was a Priest of Sif Muna.
             Slain by a vampire (4 damage)
             ... on level 10 of the Dungeon.
             The game lasted 00:41:07 (12503 turns).

Bronimir the Martial Artist (Merfolk Transmuter)   Turns: 12503, Time: 00:41:07

Health: -2/120     AC: 26    Str: 12    XL:     11   Next: 33%
Magic:  21/21      EV:  2    Int: 14    God:    Sif Muna [***...]
Gold:   303        SH:  0    Dex: 15    Spells: 7/21 levels left

rFire    . . .     SeeInvis .     - Unarmed
rCold    . . .     Gourm    .   (no shield)
rNeg     + + +     Faith    .   (armour currently unavailable)
rPois    +         Spirit   .   (helmet currently unavailable)
rElec    .         Reflect  .   (cloak currently unavailable)
rCorr    .         Harm     .   (gloves currently unavailable)
MR       .....     NoTele   +   (boots currently unavailable)
Stlth    +++.......             (no amulet)
HPRegen  0.30/turn              n - ring of stealth
MPRegen  0.17/turn              R - +1 ring of protection

@: tree-form, very slightly contaminated
A: (change form in water), (swift swim), (stealthy swim), high mp 1
a: Channel Magic, Forget Spell, Renounce Religion


You were on level 10 of the Dungeon.
You worshipped Sif Muna.
Sif Muna was most pleased with you.
You were not hungry.
You were a tree.
You visited 1 branch of the dungeon, and saw 10 of its levels.

You collected 435 gold pieces.
You spent 132 gold pieces at shops.

Inventory:

Hand Weapons
 b - a +0 hunting sling of velocity
 k - a +2 whip of electrocution
 t - a +3 quarterstaff of chaos
 O - a +5 trident of venom
Missiles
 a - 109 arrows
 c - 349 stones
 h - 8 boomerangs of dispersal
 q - 3 silver javelins (quivered)
 F - 6 boomerangs
 G - 52 bolts
 I - 38 sling bullets
 M - 2 javelins
 Q - 3 silver boomerangs
Armour
 g - +3 steam dragon scales (melded)
 w - a +0 ring mail
 z - a +0 pair of gloves (melded)
 A - a +0 cloak (melded)
 B - a cursed +0 leather armour
 N - the +2 leather armour "Buobamib" {Int+5}
   (You found it on level 7 of the Dungeon)

   It affects your intelligence (+5).
Jewellery
 n - a ring of stealth (left branch)
 o - an uncursed ring of magical power
 D - an uncursed ring of protection from cold
 K - a +5 ring of evasion {unknown}
 R - a +1 ring of protection (right branch)
Wands
 l - a wand of random effects (12)
 C - a wand of acid (5)
 L - a wand of flame (24)
 S - a wand of digging (7)
Scrolls
 f - 3 scrolls of enchant weapon
 i - 11 scrolls of identify
 j - 4 scrolls of amnesia
 p - a scroll of blinking
 x - 2 scrolls of fog
 y - 4 scrolls of remove curse
 E - 2 scrolls of magic mapping
 H - 3 scrolls of teleportation
 P - a scroll of torment
 T - 3 scrolls of immolation {unknown}
Potions
 e - 7 potions of curing
 m - a potion of berserk rage {unknown}
 r - 3 potions of brilliance {unknown}
 s - a potion of flight {unknown}
 u - 2 potions of heal wounds {unknown}
 v - 5 potions of lignification
 J - a potion of invisibility {unknown}
Comestibles
 d - 10 rations


   Skills:
 + Level 5.4 Fighting
 + Level 1.7(2.0) Slings
 + Level 1.3(2.0) Throwing
 * Level 9.8 Dodging
 - Level 0.8 Stealth
 + Level 11.1 Unarmed Combat
 + Level 5.9 Spellcasting
 * Level 9.9 Transmutations
 + Level 3.3 Ice Magic
 - Level 1.9 Poison Magic
 * Level 3.5 Invocations


You had 7 spell levels left.
You knew the following spells:

 Your Spells              Type           Power        Failure   Level  Hunger
b - Sticks to Snakes      Tmut           ####....     1%          2    #......
c - Spider Form           Tmut/Pois      ###.......   4%          3    ###....
d - Ice Form              Ice/Tmut       ###.....     11%         4    ####...
e - Blade Hands           Tmut           ####......   8%          5    ######.

Your spell library contained the following spells:

 Spells                   Type           Power        Failure   Level  Hunger
 Beastly Appendage        Tmut           ####..       1%          1    None
 Sting                    Conj/Pois      #...         11%         1    None
 Poisonous Vapours        Pois/Air       #.....       16%         2    #......
 Mephitic Cloud           Conj/Pois/Air  #.......     36%         3    ###....
 Olgreb's Toxic Radiance  Pois           #.......     58%         4    ####...
 Venom Bolt               Conj/Pois      #.........   96%         5    ######.


Dungeon Overview and Level Annotations

Branches:
Dungeon (10/15)            Temple (0/1) D:7            Lair (0/6) D:10
    Orc: D:9-12

Altars:
Cheibriados
Elyvilon
Fedhas
Hepliaklqana
Makhleb
Nemelex Xobeh
Okawaru
Ru
Sif Muna
Trog
Vehumet
Xom

Shops:
D:6 !


Innate Abilities, Weirdness & Mutations

((You revert to your normal form in water.))
((You are very nimble and swift while swimming.))
((You are very stealthy in the water. (Stealth+)))
((You have a pair of small horns on your head.))
You have an increased reservoir of magic. (+10% MP)


Message History

All of the chunks of flesh in your inventory have rotted away.
You bump into the rock wall.
Your transformation has ended.
Your +0 cloak unmelds from your body.
Your +0 pair of gloves unmelds from your body.
Your +3 steam dragon scales unmelds from your body.
Something barely misses you. Something closely misses you.
You're too confused to move!
Something hits you!
* * * LOW HITPOINT WARNING * * *
Something barely misses you. Something hits you but does no damage.
Something closely misses you.
You feel better. Something hits you!
* * * LOW HITPOINT WARNING * * *
Something bites you but does no damage.
Really quaff the potion of lignification?
You turn into a tree.
Your +0 cloak melds into your body.
Your +0 pair of gloves melds into your body.
Your +3 steam dragon scales melds into your body.
Your roots penetrate the ground.
Something hits you.
You die...

###### ###########
#....# ###...#.....#
#....#
#.§.#.#.#.#######....#
#..#.#...#.{.'..##....#
#..##.#######♣##<.#....#
#.# #.# #...###.#....#
+.. #.# #.#.# #......#
## #.> ...#.# ###....#
### ### #.# #...># ..#
###.## ### #.# #.# #.#


There were no monsters in sight!

Vanquished Creatures
  3 two-headed ogres (D:9)
  An unseen horror (D:10)
  Pikel (D:7)
  A troll (D:9)
  A hippogriff (D:9)
  A spriggan (D:10)
  2 basilisks (D:10)
  A wyvern (D:8)
  4 yaks
  3 porcupines (D:10)
  3 sky beasts
  A phantom (D:9)
  A slave (D:7)
  A black bear (D:9)
  A necrophage (D:8)
  4 ogres
  3 orc warriors
  3 ice beasts
  2 centaurs
  2 crocodiles (D:10)
  5 bullfrogs
  A gnoll sergeant (D:8)
  A scorpion (D:10)
  A water moccasin skeleton (D:2)
  4 howler monkeys
  2 crimson imps
  A quasit (D:5)
  3 jellies
  A hound (D:10)
  4 orc priests
  2 centaur skeletons
  10 orc wizards
  A bullfrog skeleton (D:9)
  An iguana (D:9)
  8 worker ants
  A killer bee zombie (D:9)
  2 hound skeletons
  A howler monkey skeleton (D:7)
  10 gnolls
  8 adders
  2 shadow imps
  3 oozes
  2 adder zombies
  4 worms
  5 dart slugs
  A leopard gecko (D:1)
  33 orcs
  10 giant cockroaches
  6 goblins
  12 hobgoblins
  10 jackals
  3 quokkas
  9 bats
  7 frilled lizards
  9 kobolds
  A quokka skeleton (D:4)
  9 rats
232 creatures vanquished.

Vanquished Creatures (collateral kills)
  An ice beast (D:6)
  Crazy Yiuf (D:3)
  A jackal (D:1)
3 creatures vanquished.

Vanquished Creatures (others)
  A plant (D:10)
1 creature vanquished.

Grand Total: 236 creatures vanquished

Notes
Turn   | Place    | Note
-------+----------+-------------------------------------------
     0 | D:1      | Bronimir the Merfolk Transmuter began the quest for the
                  | Orb.
     0 | D:1      | Reached XP level 1. HP: 15/15 MP: 3/3
    68 | D:1      | Reached XP level 2. HP: 18/21 MP: 5/5
    79 | D:1      | Learned a level 2 spell: Sticks to Snakes
   146 | D:1      | Reached skill level 4 in Unarmed Combat
   203 | D:1      | Reached XP level 3. HP: 18/26 MP: 0/6
   946 | D:2      | Reached XP level 4. HP: 3/32 MP: 1/7
  1322 | D:2      | Reached XP level 5. HP: 30/37 MP: 6/8
  1330 | D:2      | Learned a level 3 spell: Spider Form
  1416 | D:2      | Found a sacrificial altar of Ru.
  1493 | D:2      | Found an iron altar of Okawaru.
  1890 | D:2      | Reached skill level 5 in Unarmed Combat
  2026 | D:3      | Reached skill level 1 in Poison Magic
  2026 | D:3      | Reached XP level 6. HP: 40/43 MP: 8/10
  2057 | D:3      | Found a radiant altar of Vehumet.
  2223 | D:3      | Found a shimmering altar of Xom.
  2335 | D:2      | Learned a level 4 spell: Ice Form
  2412 | D:3      | Found a runed translucent door.
  2413 | D:3      | Noticed Crazy Yiuf
  3090 | D:3      | Killed Crazy Yiuf
  3358 | D:4      | Reached skill level 6 in Unarmed Combat
  3358 | D:4      | Reached skill level 1 in Ice Magic
  3358 | D:4      | Reached XP level 7. HP: 48/48 MP: 2/11
  3377 | D:4      | Found a shimmering blue altar of Sif Muna.
  3382 | D:4      | Became a worshipper of Sif Muna the Loreminder
  4005 | D:4      | Found a white marble altar of Elyvilon.
  4414 | D:5      | Entered Level 5 of the Dungeon
  4414 | D:5      | Found a blossoming altar of Fedhas.
  4438 | D:5      | Found a sparkling altar of Nemelex Xobeh.
  4555 | D:5      | Reached skill level 1 in Slings
  4555 | D:5      | Reached skill level 5 in Transmutations
  4557 | D:5      | Found a hazy altar of Hepliaklqana.
  4564 | D:5      | Found a snail-covered altar of Cheibriados.
  4569 | D:5      | Reached skill level 5 in Dodging
  5062 | D:5      | Reached XP level 8. HP: 36/54 MP: 13/13
  5222 | D:5      | Found a burning altar of Makhleb.
  5673 | D:6      | Reached * piety under Sif Muna
  5783 | D:6      | Reached skill level 7 in Unarmed Combat
  6535 | D:6      | Found Gotuck's Distillery.
  6545 | D:6      | Bought a potion of degeneration for 11 gold pieces
  6545 | D:6      | Bought a potion of mutation for 88 gold pieces
  6545 | D:6      | Bought a potion of curing for 33 gold pieces
  6546 | D:6      | Gained mutation: You are frail. (-10% HP) [potion of
                  | mutation]
  6546 | D:6      | Gained mutation: Your spells are a little harder to cast,
                  | but a little more powerful. [potion of mutation]
  6774 | D:6      | Found a bloodstained altar of Trog.
  6928 | D:7      | Found a blossoming altar of Fedhas.
  6990 | D:7      | Noticed Pikel
  7005 | D:7      | Killed Pikel
  7005 | D:7      | Reached skill level 1 in Invocations
  7005 | D:7      | Reached XP level 9. HP: 26/55 MP: 6/15
  7242 | D:7      | Reached skill level 8 in Unarmed Combat
  7269 | D:7      | Found a staircase to the Ecumenical Temple.
  7453 | D:7      | Got a smelly leather armour
  7464 | D:7      | Identified the +2 leather armour "Buobamib" {Int+5} (You
                  | found it on level 7 of the Dungeon)
  7859 | D:7      | Reached ** piety under Sif Muna
  8179 | D:8      | Learned a level 5 spell: Blade Hands
  8410 | D:8      | Lost mutation: Your spells are a little harder to cast, but
                  | a little more powerful. [potion of mutation]
  8410 | D:8      | Lost mutation: You are frail. (-10% HP) [potion of
                  | mutation]
  8410 | D:8      | Gained mutation: You have a pair of large horns on your
                  | head. [potion of mutation]
  8410 | D:8      | Gained mutation: You have an increased reservoir of magic.
                  | (+10% MP) [potion of mutation]
  9315 | D:8      | Reached skill level 9 in Unarmed Combat
  9361 | D:9      | Reached XP level 10. HP: 39/71 MP: 14/18
  9718 | D:9      | Noticed a two-headed ogre
  9729 | D:9      | Killed a two-headed ogre
  9729 | D:9      | Reached skill level 1 in Throwing
  9836 | D:9      | Noticed a two-headed ogre
  9848 | D:9      | Killed a two-headed ogre
  9848 | D:9      | Reached skill level 10 in Unarmed Combat
 10210 | D:9      | Reached *** piety under Sif Muna
 10255 | D:9      | Reached skill level 5 in Fighting
 10324 | D:9      | Reached skill level 5 in Spellcasting
 10471 | D:9      | Noticed a two-headed ogre
 10481 | D:9      | Killed a two-headed ogre
 10972 | D:10     | Entered Level 10 of the Dungeon
 10998 | D:9      | Reached XP level 11. HP: 51/80 MP: 17/20
 11713 | D:10     | Killed an unseen horror
 11814 | D:10     | Reached skill level 11 in Unarmed Combat
 12180 | D:10     | Found a staircase to the Lair.
 12500 | D:10     | HP: 2/80 [something (9)]
 12503 | D:10     | Slain by a vampire

Levels and vault maps discovered:
D:1:      dpeg_arrival_rooms_with_view, layout_loops_cross, minmay_tetromino_i2
D:2:      layout_basic, nicolae_ru_awakened_eye, old_standard_altar
D:3:      layout_loops_ring, lemuel_coloured_pillars_altar, vehumet_crystals,
          uniq_crazy_yiuf_cottage
D:4:      layout_loops_corners, kennysheep_little_box, elyvilon_altar_1,
          first_ration
D:5:      layout_rooms, marbit_many_paths, nemelex_altar_shiori,
          grunt_temple_overflow_open, basic_altar
D:6:      layout_cave_pods, serial_shops, shop, trog_hazing_becter
D:7:      lemuel_upstairs_altar, layout_basic, fedhas_altar_2, temple_doors_cd,
          kennysheep_dice, uniq_pikel
D:8:      layout_basic
D:9:      layout_small_grid
D:10:     layout_roguey, minmay_lair_entry_grove, hiddenorc1_lemuel,
          grunt_pizzeria, kennysheep_generic_room_16

Skill      XL: |  1  2  3  4  5  6  7  8  9 10 11 |
---------------+----------------------------------+-----
Unarmed Combat | 4 5 6 7 9 10 11 | 11.1
Transmutations | 3 4 5 6 7 9 |  9.9
Dodging        | 3 4 5 6 8 9 |  9.8
Spellcasting   | 3 4 5 |  5.9
Poison Magic   | 1 |  1.9
Ice Magic      | 1 2 3 |  3.3
Slings         | 1 |  1.7
Fighting       | 2 4 5 |  5.4
Invocations    | 1 2 3 |  3.5
Throwing       | 1 |  1.3
Stealth        | |  0.8

Action                   |  1- 3 |  4- 6 |  7- 9 | 10-12 || total
-------------------------+-------+-------+-------+-------++-------
Melee: Unarmed           |   141 |   163 |   399 |   169 ||   872
       Punch             |     1 |     3 |     7 |     2 ||    13
       Headbutt          |     4 |    18 |    31 |    23 ||    76
 Fire: Hunting sling     |       |       |    40 |       ||    40
Throw: Javelin           |       |     4 |    11 |     3 ||    18
 Cast: Beastly Appendage |    17 |    27 |    27 |       ||    71
       Sticks to Snakes  |     3 |     4 |     4 |       ||    11
       Spider Form       |       |     1 |    13 |     1 ||    15
       Blade Hands       |       |       |       |    16 ||    16
       Ice Form          |       |       |       |     5 ||     5
Invok: Forget Spell      |       |       |       |     1 ||     1
  Use: Scroll            |       |     9 |     5 |     5 ||    19
       Potion            |       |       |     2 |     2 ||     4
 Stab: Sleeping          |     3 |     3 |     4 |     3 ||    13
       Distracted        |       |       |     1 |       ||     1
  Eat: Chunk             |     1 |     6 |    13 |    15 ||    35
       Ration            |       |     1 |     2 |     1 ||     4
Armor: Steam dragon scal |    49 |    48 |    87 |    38 ||   222
       Robe              |     2 |       |       |       ||     2
       Skin              |       |       |     3 |     2 ||     5
Dodge: Dodged            |   116 |   133 |   414 |   141 ||   804
